 Dungeon Crawl Stone Soup version 0.23.1 (webtiles) character file.

Game seed: 9207254094954579387

79 Borgoz the Sneak (level 4, 0/36 HPs)
             Began as a Ghoul Assassin on Mar 8, 2019.
             Slain by a gnoll
             ... wielding a +2 flail of crushing
              (8 damage)
             ... on level 2 of the Dungeon.
             The game lasted 00:02:05 (1440 turns).

Borgoz the Sneak (Ghoul Assassin)                   Turns: 1440, Time: 00:02:06

Health: 0/36       AC:  7    Str: 14    XL:     4   Next: 37%
Magic:  3/3        EV: 10    Int:  7    God:
Gold:   50         SH:  0    Dex: 10    Spells: 3/3 levels left

rFire    . . .     SeeInvis .   a - +2 dagger
rCold    + . .     Gourm    .   (no shield)
rNeg     + + +     Faith    .   q - +0 ring mail
rPois    ∞         Spirit   .   (no helmet)
rElec    .         Reflect  .   s - +1 cloak
rCorr    .         Harm     .   (no gloves)
MR       .....                  (no boots)
Stlth    ++........             (no amulet)
HPRegen  0.00/turn              (no ring)
MPRegen  0.08/turn              (no ring)

@: rotting
A: rotting body, claws 1, carnivore, cold resistance 1, negative energy
resistance 3, inhibited regeneration, torment resistance, unbreathing
a: no special abilities


You were on level 2 of the Dungeon.
You were not hungry.

You visited 1 branch of the dungeon, and saw 2 of its levels.

You collected 50 gold pieces.

Inventory:

Hand Weapons
 a - a +2 dagger (weapon)
 b - a +0 blowgun
Missiles
 e - 19 poisoned needles
 f - 2 curare-tipped needles
Armour
 q - a +0 ring mail (worn)
 s - a +1 cloak (worn)
Scrolls
 h - a scroll of remove curse {unknown}
 j - a scroll of teleportation {unknown}
 k - 2 scrolls of enchant armour {unknown}
 l - 3 scrolls of noise {unknown}
 m - 2 scrolls of identify {unknown}
Potions
 i - a potion of invisibility {unknown}
 n - 2 potions of mutation {unknown}
 o - a potion of lignification {unknown}
 p - a potion of heal wounds {unknown}
Comestibles
 c - 4 chunks of flesh
 g - 6 rations


   Skills:
 - Level 2.1 Fighting
 * Level 2.9 Short Blades
 - Level 1.7 Throwing
 + Level 1.3 Armour
 + Level 1.6 Dodging
 + Level 4.9 Stealth


You had 3 spell levels left.
You didn't know any spells.
Your spell library was empty.

Dungeon Overview and Level Annotations

Branches:
Dungeon (2/15)

Altars:
Yredelemnul


Innate Abilities, Weirdness & Mutations

Your body is rotting away.
You thrive on raw meat.
You are immune to poison.
You have sharp fingernails.
You are carnivorous and can eat meat at any time.
Your flesh is cold resistant. (rC+)
You are immune to negative energy. (rN+++)
You do not regenerate when monsters are visible.
You are immune to unholy pain and torment.
You can survive without breathing.


Message History

The gnoll is almost dead.
The gnoll hits you with a +0 club. The gnoll hits you.
The gnoll hits you with a +2 flail of crushing.
You are too injured to fight recklessly!
You hit the gnoll but do no damage.
The gnoll is almost dead.
The gnoll barely misses you. The gnoll hits you.
You hit the gnoll.
The gnoll is almost dead.
The gnoll hits you with a +2 flail of crushing.
You hit the gnoll.
You kill the gnoll!
The gnoll closely misses you.
The gnoll hits you with a +2 flail of crushing!
* * * LOW HITPOINT WARNING * * *
x2 Eat one of 5 chunks of flesh? (ye/n/q)
You eat one of the 5 chunks of flesh.
This raw flesh tastes great!
The gnoll hits you but does no damage.
The gnoll hits you with a +2 flail of crushing!
You die...

#+##+##.# #.# .gg.....#
#.# ........# #.
........#####'#######
....................#
.......#............###
..######.........$....#
..# #.......g).....#
..# #g....%.g@.!...#
..# #†)###'####...(#
### ##.### #....# #...#
#....# #...# ####....#
#...# #.......# #...#
#.#####.# #...# # #.#
#..... ###'######


You could see 2 gnolls.

Vanquished Creatures
  2 gnolls
  2 adders (D:2)
  2 dart slugs
  2 leopard geckos (D:1)
  4 giant cockroaches
  4 goblins
  5 hobgoblins (D:1)
  A quokka (D:2)
  A ball python (D:1)
  2 bats
  A frilled lizard (D:1)
  6 kobolds
  4 rats
36 creatures vanquished.

Notes
Turn   | Place    | Note
-------+----------+-------------------------------------------
     0 | D:1      | Borgoz the Ghoul Assassin began the quest for the Orb.
     0 | D:1      | Reached XP level 1. HP: 17/17 MP: 0/0
   204 | D:1      | Reached skill level 1 in Dodging
   370 | D:1      | Reached XP level 2. HP: 24/24 MP: 1/1
  1005 | D:2      | Reached XP level 3. HP: 29/29 MP: 2/2
  1088 | D:2      | Found a basalt altar of Yredelemnul.
  1158 | D:2      | Reached skill level 1 in Armour
  1371 | D:2      | Reached XP level 4. HP: 26/36 MP: 3/3
  1440 | D:2      | Slain by a gnoll

Skill      XL: |  1  2  3 |
---------------+----------+-----
Dodging        | 1 |  1.6
Short Blades   | 2 |  2.9
Armour         | 1 |  1.3
Fighting       | |  2.1
Throwing       | |  1.7
Stealth        | |  4.9

Action                   |  1- 3 |  4- 6 || total
-------------------------+-------+-------++-------
Melee: Dagger            |   105 |    14 ||   119
 Stab: Sleeping          |     5 |     1 ||     6
       Distracted        |     1 |       ||     1
  Eat: Chunk             |     2 |     1 ||     3
Armor: Robe              |     2 |       ||     2
       Ring mail         |    26 |     3 ||    29
Dodge: Dodged            |    45 |     6 ||    51
